 Dungeon Crawl Stone Soup version 0.27-a0-1557-g57f10a385c (webtiles) character file.

Game seed: 10131098812339362199

149 Leszczynek the Skirmisher (level 5, -5/44 HPs)
             Began as a Human Gladiator on July 15, 2021.
             Was a Follower of Cheibriados.
             Slain by an iguana (7 damage)
             ... on level 4 of the Dungeon.
             The game lasted 00:08:59 (878 turns).

Leszczynek the Skirmisher (Human Gladiator)          Turns: 878, Time: 00:09:00

Health: -5/44      AC:  6    Str: 16    XL:     5   Next: 57%
Magic:  5/5        EV: 11    Int: 12    God:    Cheibriados [*.....]
Gold:   996        SH:  0    Dex: 16    Spells: 4/4 levels left

rFire    . . .     SeeInvis .   a - +0 quarterstaff
rCold    . . .     Faith    .   (shield currently unavailable)
rNeg     . . .     Spirit   .   j - +0 ring mail
rPois    .         Reflect  .   c - +0 helmet
rElec    .         Harm     .   (no cloak)
rCorr    .         Rampage  .   (no gloves)
Will     .....                  (no boots)
Stlth    +.........             (no amulet)
HPRegen  0.14/turn              (no ring)
MPRegen  0.09/turn              (no ring)

@: very slow
A: no striking features
a: Renounce Religion, Bend Time


You were on level 4 of the Dungeon.
You worshipped Cheibriados.
Cheibriados was aware of your devotion.
You visited 2 branches of the dungeon, and saw 5 of its levels.

You collected 996 gold pieces.

Inventory:

Hand Weapons
 a - a +0 quarterstaff (weapon)
 b - a +0 hunting sling
Missiles
 d - a throwing net (quivered)
 f - 5 sling bullets
Armour
 c - a +0 helmet (worn)
 h - a +0 leather armour
 j - a +0 ring mail (worn)
Magical Staves
 g - a staff of air
Wands
 m - a wand of flame (18)
Scrolls
 n - a scroll of fear
Potions
 i - a potion of curing {@q1}
 k - a potion of brilliance


   Skills:
 + Level 5.3 Fighting
 - Level 3.0 Staves
 - Level 2.0 Throwing
 - Level 3.0 Dodging


You had 4 spell levels left.
You didn't know any spells.
Your spell library was empty.

Dungeon Overview and Level Annotations

Branches:
Dungeon (4/15)             Temple (1/1) D:4

Altars:
Cheibriados
Dithmenos
Elyvilon
Fedhas
Gozag
Hepliaklqana
Makhleb
Okawaru
Qazlal
Ru
Sif Muna
Trog
Uskayaw
Vehumet
Wu Jian
Yredelemnul
The Shining One

Annotations:
D:3 Robin
D:4 Grinder


Message History

e - a scroll of acquirement
Enter note: acquirement? lol
As you read the scroll of identify {@r1}, it crumbles to dust.
i - a potion of curing
As you read the scroll of identify {@r1}, it crumbles to dust.
k - a potion of brilliance Something appears at your feet!
You now have 990 gold pieces (gained 958).
You have 990 gold pieces.
Enter note: i don't need summonings manual if i don't have any summoning spells, right?
Found 6 gold pieces.
You now have 996 gold pieces (gained 6).
Found a leather armour.
You open the large door.
Unknown command.
There is a large open door here.
An iguana comes into view.
The iguana hisses angrily.
The iguana barely misses you. The iguana bites you.
You hit the iguana.
The iguana is lightly wounded.
The iguana bites you!
You hit the iguana but do no damage.
The iguana is lightly wounded.
The iguana bites you!
You completely miss the iguana.
The iguana is lightly wounded.
The iguana bites you.
* * * LOW HITPOINT WARNING * * *
You barely miss the iguana.
The iguana is lightly wounded.
The iguana bites you!
* * * LOW HITPOINT WARNING * * *
You hit the iguana but do no damage.
The iguana is lightly wounded.
The iguana barely misses you.
You hit the iguana.
The iguana is heavily wounded.
The iguana bites you!
You die...

### .###............. ...
#.#####...##.# ... ### #
#####...##.. (.####..
##### #...........
#....#.# #####≈≈≈≈#
#....#...... ..# #.#
#.##≈≈..≈ #....#..####
#..#.#.# #.#≈≈♣.♣♣
##......#...
...#.#.####.'...♣l♣
#.........##
##.#........'..♣@♣
#)#.......#
#.#.#.######≈≈♣♣.♣
#.#####...## #.# #.#
##≈≈..≈≈##.# #.....
##.###.########≈≈≈≈##..#
#...##
..............######...#
##..#
##.###.#######.........###
#..># #.# #[#
##..............### ...
#.# #..####.#######.
#...##.#######..# #.# ..


You could see an iguana.

Vanquished Creatures
  A hound (D:4)
  Jessica (D:3)
  An orc wizard (D:4)
  3 adders
  A dart slug (D:4)
  9 orcs (D:4)
  A ball python (D:3)
  4 endoplasms
  4 goblins
  A hobgoblin (D:3)
  A quokka (D:2)
  3 kobolds
  3 rats
33 creatures vanquished.

Notes
Turn   | Place    | Note
-------+----------+-------------------------------------------
     0 | D:1      | Leszczynek the Human Gladiator began the quest for the Orb.
     0 | D:1      | Reached XP level 1. HP: 16/16 MP: 1/1
   132 | D:3      | Noticed Jessica
   141 | D:3      | Ouch! That really hurt!
   141 | D:3      | HP: 2/17 [Jessica/nerve-wracking pain (12)]
   143 | D:3      | Killed Jessica
   144 | D:3      | Reached skill level 3 in Fighting
   144 | D:3      | Reached XP level 2. HP: 3/24 MP: 2/2
   144 | D:3      | Reached XP level 3. HP: 3/29 MP: 3/3
   144 | D:3      | ha ha!
   144 | D:3      | that's a high pain roll by the way
   248 | D:3      | Identified the +0 helmet "Ehae" {rPois rC+}
   248 | D:3      | Noticed Robin
   263 | D:3      | HP: 2/29 [goblin[Robin] (4)]
   383 | D:3      | Reached skill level 4 in Fighting
   383 | D:3      | Reached XP level 4. HP: 17/37 MP: 4/4
   416 | D:4      | Found a staircase to the Ecumenical Temple.
   449 | Temple   | Entered the Ecumenical Temple
   584 | Temple   | i'm blind
   584 | Temple   | Became a worshipper of Cheibriados the Contemplative
   720 | D:4      | Reached XP level 5. HP: 43/43 MP: 5/5
   738 | D:4      | Noticed Grinder
   768 | D:4      | Reached skill level 5 in Fighting
   806 | D:4      | Reached * piety under Cheibriados
   833 | D:4      | Identified a scroll of acquirement
   834 | D:4      | acquirement? lol
   836 | D:4      | Acquired 958 gold pieces
   847 | D:4      | i don't need summonings manual if i don't have any
                  | summoning spells, right?
   876 | D:4      | HP: 2/44 [iguana (9)]
   878 | D:4      | Slain by an iguana

Illustrated notes #.# #.# #.# #.# ... #.# #)# #@# #(# ## #.####### . ###........ #. #....###### ##.# #.##.# ##...####.# .# #....<....# .# #....###### .# Turn 144 on D:3: ha ha!

#.....## # #.._..#
# ##.....# ##
##......# ##.
#####...#########..
#......## #......
#..._.## #.....#
#.....# #.._..#
#.@...## #.....#
#......## #......
#####...#########..
##......# ##.
##.....# ## #.._..#
# #.....## #
#......## #
#####...#####


Turn 584 on Temple: i'm blind #.....######### #.....###### #...........
#........... #..........( ## #.#.#.###### .. #.#.##....# .# #.........##..#
..........#.....@...# #########.#.....###.# ..#.#.### .....#.# ###.###.# ####
#.. ... ....## ### #.# #.. #.# ##. #.# #.. Turn 834 on D:4: acquirement? lol
#.#.##....# ..# #.........##..# ..........#.........# #########.#.....###.#
..#.#.### # .....#.# ###.###.#####.# ### #............ ... #####@#####.# #.# #.#
#.# ###### #.# #..... #.# #..... #.# .###### #.# .<..... ....... Turn 847 on
D:4: i don't need summonings manual if i don't have any summoning spells, right?

Levels and vault maps discovered:
D:1:      ebering_trefoil_twist, layout_basic, shapermc_ecumenical_altar_ellora,
          hangedman_decor_growths
D:2:      mumra_celtic_spiral_tile, layout_rooms, kennysheep_decorative_pillar
D:3:      layout_loops_ring, kennysheep_crisscross, uniq_jessica, uniq_robin,
          uniq_ijyb
D:4:      layout_basic, minmay_temple_entry_antechambers,
          kennysheep_generic_room_3, uniq_grinder
Temple:   minmay_crystal_spiral_temple

Skill      XL: |  1  2  3  4  5 |
---------------+----------------+-----
Fighting       | 3 4 5 |  5.3
Staves         | |  3.0
Throwing       | |  2.0
Dodging        | |  3.0

Action                   |  1- 3 |  4- 6 || total
-------------------------+-------+-------++-------
Melee: Quarterstaff      |    35 |    70 ||   105
Throw: Throwing net      |     3 |     2 ||     5
  Use: Scroll            |       |     6 ||     6
 Stab: Sleeping          |     2 |       ||     2
Armor: Leather armour    |     1 |       ||     1
       Ring mail         |       |    16 ||    16
Dodge: Dodged            |    15 |    38 ||    53

Table legend: (Time is in decaauts)
 A = Elapsed time spent in this place.
 B = Non-inter-level travel time spent in this place.
 C = Inter-level travel time spent in this place.
 D = Time resting spent in this place.
 E = Time spent auto-exploring this place.
 F = Levels seen in this place.
 G = Mean time per level.
                   A        B        C        D        E       F      G
               +--------+--------+--------+--------+--------+-----+--------+
         Total |    970 |    867 |    103 |      5 |      0 |   5 |  194.0 |
       Dungeon |    786 |    780 |      6 |      5 |      0 |   4 |  196.5 |
        Temple |    184 |     87 |     97 |      0 |      0 |   1 |  184.0 |
               +--------+--------+--------+--------+--------+-----+--------+

Top non-repeatable levels by time:
     D:4: 368 daAuts
     D:3: 291 daAuts
  Temple: 184 daAuts
     D:1: 101 daAuts
     D:2: 24 daAuts
